[Event "Early-Titled-Tuesday-Blitz-January-23-2024"]
[Site "Chess.com"]
[Date "2024.01.23"]
[Round "11"]
[White "viktorskliarov"]
[Black "tptagain"]
[Result "0-1"]
[WhiteElo "2675"]
[BlackElo "2921"]
[TimeControl "180+1"]
[EndTime "10:07:12 PST"]
[Termination "tptagain won by resignation"]

1. e4 c5 2. Nf3 Nc6 3. Bb5 e6 4. Bxc6 bxc6 5. d3 Qc7 6. O-O Ne7 7. Re1 e5 8. c3 Ng6 9. d4 d6 10. dxc5 dxc5 11. h3 Be7 12. Na3 O-O 13. Nc4 a5 14. Ne3 Rd8 15. Qc2 Nf4 16. Nf5 Nd3 17. Nxe7+ Qxe7 18.
Rd1 c4 19. Be3 h6 20. b3 f5 21.
bxc4 fxe4 22. Nd2 Bf5 23. Nf1 Qe6 24. Kh2 Qxc4 25. Bb6 Rdb8 26. Ne3 Qe6 27. Rab1 Rb7 28. c4 c5 29. Nd5 Rf8 30. Bxa5 Rxb1 31. Qxb1 Bxh3 32.
Rxd3 exd3 33. gxh3 e4 34. Bc7 Rxf2+ 35. Kg1 Rf3 36.
Qb8+ Kh7 37. Bg3 d2 0-1

[Event "Early-Titled-Tuesday-Blitz-January-23-2024"]
[Site "Chess.com"]
[Date "2024.01.23"]
[Round "11"]
[White "ChessQueen"]
[Black "Goffredo_Fofi"]
[Result "1-0"]
[WhiteElo "2742"]
[BlackElo "2559"]
[TimeControl "180+1"]
[EndTime "10:07:12 PST"]
[Termination "ChessQueen won by resignation"]

1. d4 g6 2. e4 Bg7 3. Nc3 c6 4.
Bc4 b5 5. Bb3 a5 6. a4 b4 7.
Nce2 d5 8. exd5 cxd5 9. Nf3 Nc6 10. Nf4 Nf6 11. Ne5 Bb7 12. h4 h6 13. Qd3 g5 14. Nxf7 gxf4 15. Nxd8 Rxd8 16. Bxf4 O-O 17.
Qg6 Nxd4 18. Bxh6 Rf7 19. Rh3 Rd6 20. Rg3 Ne8 21. Qh5 Nf5 22. Bxg7 Nexg7 23. Rg6 Rff6 24.
Rxf6 Nxh5 25. Rxf5 Ng7 26. Re5 Kf7 27. O-O-O e6 28.
g4 Kf6 29. f4 Ba6 30. h5 Rc6 31. g5+ Kf7 32. h6 Nf5 33. Bxd5 Rc5 34. Bxe6+ 1-0

[Event "Early-Titled-Tuesday-Blitz-January-23-2024"]
[Site "Chess.com"]
[Date "2024.01.23"]
[Round "11"]
[White "GMJustin"]
[Black "Happy1712Drummer"]
[Result "1-0"]
[WhiteElo "2346"]
[BlackElo "2428"]
[TimeControl "180+1"]
[EndTime "10:07:14 PST"]
[Termination "GMJustin won by resignation"]

1. e4 c5 2. Nf3 e6 3. d4 cxd4 4. Nxd4 Nf6 5. Nc3 Nc6 6. Ndb5 Bc5 7. Bf4 O-O 8. Bc7 Qe7 9. Bd6 Bxd6 10. Qxd6 Ne8 11. Qxe7 Nxe7 12. O-O-O f5 13. exf5 Nxf5 14. Bd3 a6 15. Bxf5 Rxf5 16. Nd6 Nxd6 17. Rxd6 Rxf2 18. Rg1 Kf8 19. Ne4 Rf4 20. Nc5 Ke7 21. Rgd1 Rf8 22.
Nxb7 Bxb7 23. Rxd7+ Kf6 24. Rxb7 Rfb8 25. Rdd7 Rxb7 26.
Rxb7 e5 27. Kd2 Rd8+ 28. Ke3 Rd6 29. c4 h5 30. c5 Rd5 31. b4 g6 32. Rb6+ Kf5 33.
Rxa6 Rd1 34. c6 Rb1 35. c7 Rc1 36. Ra7 Rc3+ 37. Kd2 Rc4 38. b5 e4 39. b6 Kf4 40.
b7 e3+ 41. Kd3 Rc6 42. b8=Q Rd6+ 43. Ke2 Rd2+ 44. Ke1 1-0

[Event "Early-Titled-Tuesday-Blitz-January-23-2024"]
[Site "Chess.com"]
[Date "2024.01.23"]
[Round "11"]
[White "masterofpuppets2"]
[Black "NovozhilovSemen"]
[Result "0-1"]
[WhiteElo "2509"]
[BlackElo "2645"]
[TimeControl "180+1"]
[EndTime "10:07:16 PST"]
[Termination "NovozhilovSemen won by resignation"]

1. d4 Nf6 2. c4 e6 3. Nf3 c5 4. d5 exd5 5. cxd5 d6 6. Nc3 g6 7. h3 Bg7 8. e4 O-O 9. Be3 b5 10. Bxb5 Nxe4 11. Nxe4 Qa5+ 12. Nfd2 Qxb5 13. Nxd6 Qa6 14.
N6c4 Nd7 15. O-O Nb6 16. Qc2 Bf5 17. Qb3 Nxd5 18. Bxc5 Rfc8 19. Qa3 Qb5 20. Be3 Rxc4 21. Nxc4 Qxc4 22. Rac1 Qd3 23. Qxd3 Bxd3 24. Rfd1 Be4 25. Bd4 Nb6 26. Bxg7 Kxg7 27. Rc7 Bd5 28. b3 h5 29. f3 h4 30. Rd4 g5 31. Rc5 Rd8 32. a4 Kf6 33. a5 Ke5 34. Rd2 Na8 35. b4 a6 36.
Kf2 Rd7 37. b5 axb5 38. Rxb5 Nc7 39. Rb6 Ne6 40. a6 Nf4 41. Rb5 Ra7 42. Rb6 Bc4 43. Ke3 Nd5+ 44. Rxd5+ Kxd5 45. f4 Rxa6 46. Rxa6 Bxa6 47.
fxg5 Ke5 48. Kf3 Kf5 49. g3 Kxg5 50. gxh4+ Kxh4 51. Kf4 Bc4 52. Kf5 Be6+ 53. Kf6 Kxh3 54. Ke7 Kg4 55. Kf6 Kh5 56. Ke5 Kg5 57. Kd6 f5 58. Ke7 f4 59. Kd6 f3 60. Kxe6 f2 61. Kd5 f1=Q 62. Kd6 Qe2 63. Kd5 Qe3 64. Kd6 Qe4 65.
Kc5 Qd3 66. Kc6 Qd4 67. Kb5 Qc3 68. Kb6 Qc4 69. Kb7 Qc5 70. Kb8 Qe7 71. Kc8 Kf5 72.
Kb8 Ke5 73. Kc8 Kd5 74. Kb8 Kc6 75. Kc8 0-1

[Event "Early-Titled-Tuesday-Blitz-January-23-2024"]
[Site "Chess.com"]
[Date "2024.01.23"]
[Round "11"]
[White "kekic76"]
[Black "Quattroporte300"]
[Result "1-0"]
[WhiteElo "2349"]
[BlackElo "2431"]
[TimeControl "180+1"]
[EndTime "10:07:16 PST"]
[Termination "kekic76 won by resignation"]

1. e4 c5 2. Nf3 Nc6 3. d4 cxd4 4. Nxd4 Nf6 5. Nc3 d6 6. f3 e5 7. Ndb5 a6 8. Na3 b5 9. Nd5 Nxd5 10. Qxd5 Qc7 11.
Be3 Be6 12. Qd2 Be7 13. Be2 O-O 14. c4 b4 15. Nc2 a5 16. b3 f5 17. Bd3 Kh8 18.
exf5 Bxf5 19. Bxf5 Rxf5 20. O-O Rff8 21. Bf2 Qd8 22.
Ne3 Bg5 23. Qd3 Nd4 24. Nd5 Ne6 25. Rad1 Qe8 26. Qe4 Qh5 27. Nb6 Rad8 28. Nd5 h6 29. Be3 Bxe3+ 30. Qxe3 Nd4 31. Qe4 Qf5 32. Qxf5 Rxf5 33. Ne7 Rf7 34. Nd5 g5 35. Rd3 Kg7 36.
Re1 h5 37. h3 Ra8 38. Re4 Ra6 39. Rdxd4 exd4 40. Rxd4 Rb7 41. Ne3 a4 42. Nf5+ Kf6 43. Nxd6 Rd7 44. Ne4+ Ke7 45. Rxd7+ Kxd7 46. Nc5+ 1-0

[Event "Early-Titled-Tuesday-Blitz-January-23-2024"]
[Site "Chess.com"]
[Date "2024.01.23"]
[Round "11"]
[White "Seochesspie"]
[Black "bazar-wokzal"]
[Result "1-0"]
[WhiteElo "2799"]
[BlackElo "2583"]
[TimeControl "180+1"]
[EndTime "10:07:17 PST"]
[Termination "Seochesspie won by resignation"]

1. d4 Nf6 2. Bf4 c5 3. d5 e6 4. Nc3 d6 5. e4 Be7 6. Bb5+ Bd7 7. dxe6 fxe6 8. e5 dxe5 9. Bxe5 O-O 10. Nf3 Nc6 11.
Bg3 Nh5 12. O-O Nxg3 13. hxg3 Bf6 14. Ne4 Bxb2 15. Rb1 Bd4 16. c3 Bf6 17. Nxc5 Bc8 18. Qe2 Qe7 19. Bxc6 Qxc5 20. Bxb7 Bxb7 21. Qxe6+ Kh8 22.
Rxb7 Qxc3 23. Qb3 Qxb3 24. axb3 Rfb8 25. Rxb8+ Rxb8 26. Rb1 a5 27. Nd2 Bc3 28. Ne4 Bb4 29. Kf1 Kg8 30. Ke2 Be7 31. Nd2 Bb4 32. Nc4 Kf7 33. Kd3 Rb5 34. Rb2 Kf6 35. Re2 h5 36. Kc2 g5 37. f3 Rd5 38. Re3 Rd4 39. Rd3 Rxd3 40. Kxd3 Kf5 41. Ke2 g4 42. Ne3+ Kg5 43. f4+ Kf6 44. Nd5+ Kf5 45. Nxb4 axb4 46. Ke3 Ke6 47.
Ke4 Kf6 48. f5 Kg5 49. Ke5 h4 50. gxh4+ Kxh4 51. f6 Kg3 52. f7 Kxg2 53. f8=Q g3 54. Qxb4 Kh2 55. Qh4+ 1-0

[Event "Early-Titled-Tuesday-Blitz-January-23-2024"]
[Site "Chess.com"]
[Date "2024.01.23"]
[Round "11"]
[White "stepanosinovsky"]
[Black "FMVolodymyrSakun"]
[Result "1-0"]
[WhiteElo "2382"]
[BlackElo "2506"]
[TimeControl "180+1"]
[EndTime "10:07:18 PST"]
[Termination "stepanosinovsky won by checkmate"]

1. e4 d5 2. exd5 Nf6 3. Bb5+ c6 4. dxc6 bxc6 5. Ba4 e5 6. d3 Bb4+ 7. Nc3 Qa5 8. Bb3 Bxc3+ 9. bxc3 Qxc3+ 10. Bd2 Qc5 11. Nf3 e4 12. dxe4 Nxe4 13. O-O O-O 14. Be3 Qh5 15. Qd4 Bf5 16. Ne5 Nf6 17. Nxf7 Nd5 18. Ne5 Be6 19. Rae1 Kh8 20. Bc1 Bg8 21. Bb2 a5 22.
Re4 Ra7 23. Rh4 Qg5 24. Rg4 Qe7 25. Re1 Nd7 26. Ng6+ hxg6 27. Rxe7 Nxe7 28. Qxg7# 1-0

[Event "Early-Titled-Tuesday-Blitz-January-23-2024"]
[Site "Chess.com"]
[Date "2024.01.23"]
[Round "11"]
[White "1mbl4"]
[Black "bubeliang"]
[Result "1-0"]
[WhiteElo "2585"]
[BlackElo "2765"]
[TimeControl "180+1"]
[EndTime "10:07:19 PST"]
[Termination "1mbl4 won by checkmate"]

1. e4 b6 2. d4 Bb7 3. Nc3 e6 4. a3 g6 5. Nf3 Bg7 6. Bd3 Ne7 7. O-O O-O 8. Re1 d6 9. h4 c5 10. dxc5 dxc5 11. h5 Nbc6 12. h6 Bh8 13. Bc4 Nd4 14.
Ng5 Nec6 15. Ne2 Bf6 16. Nxd4 Nxd4 17. Qg4 Nxc2 18. Rd1 Qe7 19. Rb1 Rfd8 20. Bf4 Rd4 21. Rxd4 Nxd4 22. Re1 Rd8 23. e5 Bh8 24. Ne4 Bxe4 25.
Bg5 Qb7 26. Bxd8 Bxg2 27. Qxg2 Qf3 28. Bf6 Bxf6 29. exf6 Kf8 30. Re3 Qxf6 31. Qa8+ Ke7 32. Qxa7+ Kf8 33. Qb8+ Ke7 34. Qb7+ Kf8 35. Qxb6 Qg5+ 36.
Kf1 Qh5 37. Qd8# 1-0

[Event "Early-Titled-Tuesday-Blitz-January-23-2024"]
[Site "Chess.com"]
[Date "2024.01.23"]
[Round "11"]
[White "Msb2"]
[Black "Korchmar_Vasiliy"]
[Result "1-0"]
[WhiteElo "3037"]
[BlackElo "2727"]
[TimeControl "180+1"]
[EndTime "10:07:20 PST"]
[Termination "Msb2 won by resignation"]

1. d4 d5 2. c4 c6 3. Nf3 Nf6 4. Nc3 a6 5. Qc2 Bg4 6. Ne5 Be6 7. cxd5 cxd5 8. Qb3 Nc6 9. Nxc6 bxc6 10. Bf4 g6 11. e3 Bg7 12. h3 O-O 13. Be2 c5 14. O-O cxd4 15. exd4 Ne4 16. Rfd1 Qa5 17. Nxe4 dxe4 18.
d5 Bf5 19. Rac1 Rfc8 20. Rc6 Bd7 21. Bd2 Qd8 22. Rxc8 Rxc8 23. Bc3 Bxc3 24. bxc3 Qa5 25. Qb7 Rc7 26. Qb8+ Kg7 27. c4 Qc5 28. Qb2+ f6 29. Qc3 Bb5 30. Qd4 Ba4 31. Qxc5 Rxc5 32. Rb1 Bc2 33.
Rb6 Bd3 34. Rc6 Ra5 35. d6 exd6 36. Bxd3 exd3 37. Rxd6 Rxa2 38. Rxd3 Rc2 39. Rd7+ Kh6 40. Rd6 Rxc4 41. Rxf6 a5 42. Ra6 Ra4 43. Kh2 Kg7 44. g4 h6 45. Kg3 Ra3+ 46. f3 Ra4 47. h4 Ra1 48. Kf4 Kf7 49. Ra7+ Kg8 50. Ke5 Rf1 51. f4 Rb1 52. Ra8+ Kg7 53. Ra7+ Kg8 54. Rxa5 Rb6 55. Rd5 Kg7 56. Rd7+ Kg8 57. Rd6 Rb4 58. Rxg6+ 1-0

[Event "Early-Titled-Tuesday-Blitz-January-23-2024"]
[Site "Chess.com"]
[Date "2024.01.23"]
[Round "11"]
[White "Rgoltsman"]
[Black "KhazhatulyAlikhan"]
[Result "0-1"]
[WhiteElo "2256"]
[BlackElo "2341"]
[TimeControl "180+1"]
[EndTime "10:07:20 PST"]
[Termination "KhazhatulyAlikhan won by resignation"]

1. b3 d5 2. Bb2 Nf6 3. e3 e6 4. f4 Be7 5. Nf3 c5 6. Bb5+ Nc6 7. O-O Bd7 8. d3 a6 9. Bxc6 Bxc6 10.
Ne5 Qc7 11. Nd2 Bd6 12. Ndf3 h5 13. Qe1 Ng4 14. Nxg4 hxg4 15. Ne5 f5 16. e4 dxe4 17.
Nxc6 Qxc6 18. dxe4 Qxe4 19. Qxe4 fxe4 20. Bxg7 Rg8 21.
Bh6 c4 22. Rae1 Bc5+ 23. Kh1 Rg6 24. Bg5 e3 25. bxc4 Rc8 26. Bh4 Rh6 27. Bg3 Rh5 28. Re2 Bd4 29. c3 Bc5 30. Rb1 b6 31. Rd1 a5 32. Kg1 Rh7 33. Kf1 Rd8 34. Ree1 Rhd7 35.
Ke2 Rd2+ 36. Kf1 Rxd1 0-1

[Event "Early-Titled-Tuesday-Blitz-January-23-2024"]
[Site "Chess.com"]
[Date "2024.01.23"]
[Round "11"]
[White "GHANDEEVAM2003"]
[Black "ViIIagra"]
[Result "1-0"]
[WhiteElo "3054"]
[BlackElo "2976"]
[TimeControl "180+1"]
[EndTime "10:07:21 PST"]
[Termination "GHANDEEVAM2003 won by resignation"]

1. c4 g6 2. Nc3 Bg7 3. g3 Nf6 4. Bg2 O-O 5. e4 c5 6. Nge2 Nc6 7. d3 Rb8 8. O-O a6 9. a4 Ne8 10. Be3 Nd4 11. Rb1 b5 12. cxb5 axb5 13. Bxd4 cxd4 14. Nxb5 Ba6 15. Nbxd4 Rb4 16. Nc2 Rxa4 17. Qd2 Nd6 18. Nc3 Ra5 19. b4 Rh5 20. Bf3 Bxc3 21. Qxc3 Rb5 22. e5 Nf5 23. Na3 Rb8 24. b5 Bb7 25.
Be4 d5 26. Bxf5 d4 27. Qd2 gxf5 28. Qg5+ Kh8 29. Qxf5 Qd5 30. f3 Ra8 31. Nc4 Ra2 32. Rf2 Rxf2 33. Kxf2 Ra8 34. Rf1 Kg7 35. Kg1 Qxb5 36.
Qg4+ Kf8 37. Qxd4 Ra2 38. e6 fxe6 39. Qh8+ 1-0

[Event "Early-Titled-Tuesday-Blitz-January-23-2024"]
[Site "Chess.com"]
[Date "2024.01.23"]
[Round "11"]
[White "Maxfan2008"]
[Black "Laico"]
[Result "1-0"]
[WhiteElo "2531"]
[BlackElo "2364"]
[TimeControl "180+1"]
[EndTime "10:07:22 PST"]
[Termination "Maxfan2008 won by checkmate"]

1. d4 e6 2. c4 f5 3. Nc3 b6 4. Nf3 Bb4 5. g3 Bxc3+ 6. bxc3 Nf6 7. Bg2 Bb7 8. O-O O-O 9. a4 a5 10. Qb3 Be4 11. Ba3 d6 12. c5 bxc5 13. dxc5 d5 14. c6 Re8 15. Ne5 Bxg2 16. Kxg2 Ra6 17. Qb5 Ne4 18.
Qd3 Rb6 19. f3 Nd6 20. Bc5 Nxc6 21. Bxb6 Nxe5 22. Qd4 Nxf3 23. exf3 cxb6 24. Rfe1 Nc4 25. Re2 e5 26. Qf2 Qd7 27. Rd1 Qc6 28. Kg1 Rd8 29. f4 e4 30. Qd4 Qxa4 31. Rg2 Rd6 32. g4 fxg4 33. Rxg4 Qc2 34. Qxg7# 1-0

[Event "Early-Titled-Tuesday-Blitz-January-23-2024"]
[Site "Chess.com"]
[Date "2024.01.23"]
[Round "11"]
[White "EvgenyBurmakin"]
[Black "mertfelin"]
[Result "1-0"]
[WhiteElo "2427"]
[BlackElo "2266"]
[TimeControl "180+1"]
[EndTime "10:07:23 PST"]
[Termination "EvgenyBurmakin won by resignation"]

1. e4 e5 2. Nc3 Nf6 3. Bc4 Bc5 4. d3 c6 5. Bg5 d6 6. a4 Nbd7 7. a5 a6 8. Nge2 O-O 9. O-O h6 10. Bh4 Re8 11. Kh1 Nf8 12. f4 exf4 13. Nxf4 g5 14. Nh5 Bd4 15. Nxf6+ Bxf6 16. Qh5 Be6 17.
Qxh6 gxh4 18. Rxf6 Nh7 19. e5 dxe5 20. Ne4 Bxc4 21.
dxc4 Re6 22. Rxe6 fxe6 23. Qxe6+ Kh8 24. Qxe5+ Kg8 25. Rf1 b5 26. Qe6+ Kh8 27. h3 Ra7 28. Nd6 Ng5 29. Qh6+ Rh7 30. Rf8+ 1-0

[Event "Early-Titled-Tuesday-Blitz-January-23-2024"]
[Site "Chess.com"]
[Date "2024.01.23"]
[Round "11"]
[White "Barmen_EV"]
[Black "NastyaHn"]
[Result "0-1"]
[WhiteElo "2471"]
[BlackElo "2368"]
[TimeControl "180+1"]
[EndTime "10:07:25 PST"]
[Termination "NastyaHn won by checkmate"]

1. e4 c5 2. c3 Nf6 3. e5 Nd5 4. d4 cxd4 5. Nf3 Nc6 6. cxd4 d6 7. Bc4 dxe5 8. dxe5 Ndb4 9. O-O Qxd1 10. Rxd1 Nc2 11. Na3 Nxa3 12. bxa3 Bg4 13. e6 fxe6 14. Bf4 e5 15.
Bg3 Bxf3 16. gxf3 g6 17. Be6 Bg7 18. Rd7 Nd4 19. Bh3 Nxf3+ 20. Kg2 Ng5 21. Rxb7 Nxh3 22. Kxh3 Kf7 23. Rc1 Rhb8 24. Rcc7 Rxb7 25. Rxb7 Bf6 26. a4 a6 27. Kg4 Rc8 28. Rb4 Rc2 29. a3 Rc3 30. f3 Rxa3 31. Be1 h5+ 32. Kg3 g5 33. Rc4 g4 34. Bb4 Rxa4 35. Re4 gxf3 36. Kxf3 Ke6 37. Bc5 Rxe4 38. Kxe4 Bg5 39. Bb4 Bf4 40. h3 Kd7 41. Kf5 Bg3 42. Kg5 h4 43. Kf5 Kc6 44. Bxe7 Kb5 45. Ke4 Kc4 46. Bf8 a5 47. Be7 a4 48. Bf8 Kb3 49. Kd3 a3 50. Bxa3 Kxa3 51. Ke4 Kb4 52. Kf3 Kc4 53. Kg4 e4 54. Kf5 e3 55.
Ke4 e2 56. Kf3 e1=Q 57. Kg4 Qe4+ 58. Kh5 Qf5+ 59. Kh6 Qxh3 60. Kg7 Qg4+ 61. Kf7 h3 62. Ke7 h2 63. Kd8 h1=Q 64. Ke7 Qb7+ 65. Kf8 Qgc8# 0-1

[Event "Early-Titled-Tuesday-Blitz-January-23-2024"]
[Site "Chess.com"]
[Date "2024.01.23"]
[Round "11"]
[White "Nellichka"]
[Black "Arlo2024"]
[Result "0-1"]
[WhiteElo "1971"]
[BlackElo "2304"]
[TimeControl "180+1"]
[EndTime "10:07:26 PST"]
[Termination "Arlo2024 won by resignation"]

1. d4 Nf6 2. c4 c5 3. d5 b5 4.
a4 b4 5. f4 g6 6. Nd2 Bg7 7.
e4 d6 8. Ngf3 O-O 9. Be2 e5 10.
fxe5 Ng4 11. Nf1 Nd7 12. Bg5 Qe8 13. exd6 Qxe4 14. Ng3 Qe8 15. O-O f6 16. Bf4 Ne3 17. Bxe3 Qxe3+ 18. Kh1 f5 19. Qc2 Qf4 20. Rae1 Qxd6 21.
Ng5 Ne5 22. Bf3 Bd7 23. Ne6 Nxf3 24. Rxf3 Bxe6 25. Rxe6 Qd7 26. Ne2 Bh6 27. Qd3 Rae8 28. Rfe3 Bxe3 29. Qxe3 Rxe6 30. Qxe6+ Qxe6 31. dxe6 Rd8 32. h4 Re8 33. Nf4 Kg7 34. Kg1 Kf6 35. Kf2 Rxe6 36.
Nxe6 Kxe6 37. Kf3 Ke5 38. g3 h6 39. Ke3 g5 40. hxg5 hxg5 41. Kf3 0-1

[Event "Early-Titled-Tuesday-Blitz-January-23-2024"]
[Site "Chess.com"]
[Date "2024.01.23"]
[Round "11"]
[White "diamonds13"]
[Black "arnash_bauyrzhan"]
[Result "1-0"]
[WhiteElo "2339"]
[BlackElo "2206"]
[TimeControl "180+1"]
[EndTime "10:07:27 PST"]
[Termination "diamonds13 won on time"]

1. d4 d5 2. c4 e6 3. Nc3 Be7 4.
cxd5 exd5 5. Nf3 c6 6. Qc2 g6 7. h4 Bf5 8. Qb3 Qb6 9. Qd1 Na6 10. a3 Qa5 11. Bd2 Qb6 12. b4 Nf6 13. Ne5 Qxd4 14.
Nf3 Qb6 15. Be3 Qc7 16. Bd4 O-O 17. e3 c5 18. bxc5 Nxc5 19. Be2 Nce4 20. Rc1 Bxa3 21.
Rc2 Nxc3 22. Bxf6 Bxc2 23. Qxc2 Rac8 24. O-O Nxe2+ 25. Qxe2 Qc2 26. Qb5 Rc6 27. Bd4 Qe4 28. Qxb7 Rc4 29. Qxa7 Bb4 30. h5 Rxd4 31. Nxd4 Bc3 32.
Nc6 gxh5 33. Qc5 Bf6 34. Qd6 Kg7 35. Rd1 Rg8 36. Qxd5 Qxd5 37. Rxd5 Rc8 38. Nb4 h4 39. Nd3 Rc2 40. Kh2 1-0

[Event "Early-Titled-Tuesday-Blitz-January-23-2024"]
[Site "Chess.com"]
[Date "2024.01.23"]
[Round "11"]
[White "GatoRojo150"]
[Black "NM_Antelacus"]
[Result "1/2-1/2"]
[WhiteElo "2605"]
[BlackElo "2250"]
[TimeControl "180+1"]
[EndTime "10:07:28 PST"]
[Termination "Game drawn by repetition"]

1. e4 c5 2. Nf3 Nc6 3. Nc3 g6 4.
Bc4 Bg7 5. O-O e6 6. d4 cxd4 7. Nb5 d6 8. Bg5 Nge7 9. Nfxd4 Nxd4 10. Nxd4 O-O 11. c3 a6 12. Bb3 Qc7 13. f4 b5 14.
Kh1 Nc6 15. f5 Nxd4 16. f6 Nxb3 17. fxg7 Re8 18. axb3 Bb7 19. Qf3 f5 20. Bh6 Bxe4 21. Qg3 e5 22. Rae1 Bd5 23. h3 Be6 24. Kh2 Re7 25. Qh4 Rae8 26. Qf6 Rf7 27. Qg5 Qe7 28.
Qd2 Rxg7 29. Bxg7 Kxg7 30. b4 Rd8 31. Rf2 Qf6 32. Rfe2 e4 33. Rf2 Qe5+ 34. Kg1 Bc4 35. Qg5 Rd7 36. Qe3 Be6 37. Rd1 d5 38. h4 h6 39. g3 Rf7 40. Kh2 Qf6 41. Kg2 Qe5 42.
Rh1 Rd7 43. Qc5 Qc7 44. Qd4+ Kh7 45. Qe3 Qe5 46. Qc5 Qc7 47. Qe3 Qe5 48. Rd2 Rf7 49.
Rf2 Rd7 1/2-1/2

[Event "Early-Titled-Tuesday-Blitz-January-23-2024"]
[Site "Chess.com"]
[Date "2024.01.23"]
[Round "11"]
[White "noblerone"]
[Black "wild3000"]
[Result "0-1"]
[WhiteElo "2507"]
[BlackElo "2460"]
[TimeControl "180+1"]
[EndTime "10:07:28 PST"]
[Termination "wild3000 won by resignation"]

1. d4 d5 2. c4 dxc4 3. Nf3 Nf6 4.
e3 e6 5. Bxc4 Be7 6. O-O O-O 7.
Nc3 a6 8. a3 b5 9. Ba2 c5 10. e4 cxd4 11. Nxd4 Bb7 12. Re1 Nc6 13. Nxc6 Bxc6 14. Bg5 h6 15. Bh4 Qxd1 16. Raxd1 g5 17. Bg3 Rfd8 18. Bc7 Rxd1 19. Rxd1 Nxe4 20. Nxe4 Bxe4 21.
f3 Rc8 22. Be5 Bc6 23. Rc1 Bb7 24. Rxc8+ Bxc8 25. Kf2 f6 26. Bc7 h5 27. Ke3 Bc5+ 28.
Kd3 Kf7 29. Bd8 Bd6 30. h3 Be5 31. b3 Bd7 32. Ba5 Bd6 33. b4 Be5 34. Kc2 Bc6 35. Bb6 g4 36. fxg4 hxg4 37. hxg4 Bxg2 38. Kd3 Bb2 39. g5 fxg5 40. Ke3 Bxa3 41. Ba5 Bc1+ 42. Kd4 g4 43. Bc7 Bd2 44. Bd6 Be1 45. Bf4 Bxb4 46. Ke5 Bd5 47. Bb1 Ba5 48. Bd3 Bc7+ 49. Kd4 Bxf4 50.
Kc5 0-1

[Event "Early-Titled-Tuesday-Blitz-January-23-2024"]
[Site "Chess.com"]
[Date "2024.01.23"]
[Round "11"]
[White "LangesNasenhaar"]
[Black "Felix-Rose"]
[Result "0-1"]
[WhiteElo "2406"]
[BlackElo "2322"]
[TimeControl "180+1"]
[EndTime "10:07:28 PST"]
[Termination "Felix-Rose won by resignation"]

1. d4 d5 2. Nf3 Nf6 3. Bg5 Ne4 4. Bh4 h5 5. Nbd2 f6 6. Bg3 g5 7. Nxe4 dxe4 8. Nxg5 fxg5 9. Be5 Rh7 10. h4 Nc6 11. Bg3 gxh4 12. Rxh4 Qxd4 13. Qc1 Bf5 14. e3 Qb4+ 15.
c3 Qb6 16. Be2 Bg6 17. Qc2 O-O-O 18. Bc4 Bg7 19. a4 Kb8 20. Be2 Bf6 21. Rh3 a5 22.
Kf1 Ne5 23. b4 Nd3 24. bxa5 Qxa5 25. Rb1 Qxc3 26. Qa2 Nc1 27. Rxb7+ Kxb7 28. Qb1+ Nb3 29. Kg1 Qc1+ 30. Qxc1 Nxc1 31. Bb5 c6 32. Bf1 Rd1 33.
Bf4 Ne2+ 0-1

[Event "Early-Titled-Tuesday-Blitz-January-23-2024"]
[Site "Chess.com"]
[Date "2024.01.23"]
[Round "11"]
[White "AvitalBor"]
[Black "jaskol95"]
[Result "1-0"]
[WhiteElo "2761"]
[BlackElo "2559"]
[TimeControl "180+1"]
[EndTime "10:07:29 PST"]
[Termination "AvitalBor won on time"]

1. e4 d5 2. exd5 Nf6 3. Nc3 Nxd5 4. Nf3 Nxc3 5. bxc3 g6 6. d4 Bg7 7. h4 h5 8. Bc4 Bg4 9. Qd3 Nd7 10. Ng5 e6 11. f3 Bf5 12. Qe2 Nb6 13. Bb3 Qd6 14.
Kf2 Nd5 15. Bd2 c5 16. g4 hxg4 17. fxg4 cxd4 18. gxf5 dxc3 19. fxe6 O-O 20. exf7+ Kh8 21. h5 Bd4+ 22. Kg2 cxd2 23. hxg6+ Kg7 24. Rh7+ Kxg6 25. Qh5+ Kf5 26. Ne4+ Kxe4 27. Qf3+ Ke5 28. Rh5+ Ke6 29. Rxd5 Rg8+ 30. fxg8=Q+ Rxg8+ 31. Rg5+ Kd7 32. Qxb7+ Ke8 33.
Rxg8+ 1-0

[Event "Early-Titled-Tuesday-Blitz-January-23-2024"]
[Site "Chess.com"]
[Date "2024.01.23"]
[Round "11"]
[White "Mistango"]
[Black "azikom"]
[Result "0-1"]
[WhiteElo "2511"]
[BlackElo "2673"]
[TimeControl "180+1"]
[EndTime "10:07:29 PST"]
[Termination "azikom won by resignation"]

1. e4 Nf6 2. e5 Nd5 3. d4 d6 4. c4 Nb6 5. f4 Bf5 6. Nf3 e6 7. Be2 dxe5 8. fxe5 Bb4+ 9. Nc3 c5 10. Be3 cxd4 11.
Nxd4 O-O 12. O-O Bg6 13. Ndb5 Nc6 14. Qxd8 Rfxd8 15. Nxa7 Nd4 16. Bxd4 Rxd4 17. Nab5 Rd2 18. b3 Bc5+ 19. Kh1 Nd7 20. Bf3 Nxe5 21. Bxb7 Rb8 22. Be4 f5 23. Bf3 Nd3 24. h3 e5 25. Bd5+ Kh8 26.
a4 e4 27. Ra2 Rxa2 28. Nxa2 e3 29. Nac3 Nf2+ 30. Kh2 Bb4 31. Re1 f4 32. Rc1 Nd3 33.
Rc2 Nc5 34. Nd6 Bxc2 35. Nf7+ Kg8 36. Ne5+ Kf8 37. Nc6 Bxc3 38. Nxb8 e2 0-1

[Event "Early-Titled-Tuesday-Blitz-January-23-2024"]
[Site "Chess.com"]
[Date "2024.01.23"]
[Round "11"]
[White "Pastore1978"]
[Black "Witik"]
[Result "0-1"]
[WhiteElo "2289"]
[BlackElo "2632"]
[TimeControl "180+1"]
[EndTime "10:07:31 PST"]
[Termination "Witik won by checkmate"]

1. c4 c6 2. d4 d5 3. cxd5 cxd5 4. Nc3 Nf6 5. Nf3 Nc6 6. Bf4 a6 7. Rc1 Bf5 8. e3 Nh5 9. Ne5 Nxf4 10. Nxc6 Nxg2+ 11. Bxg2 bxc6 12. Qa4 Bd7 13. O-O e6 14. e4 Be7 15.
Qd1 O-O 16. f4 c5 17. exd5 cxd4 18. Qxd4 Rc8 19. d6 Bf6 20. Qa7 Bc6 21. Rfd1 Bxg2 22.
Kxg2 Qa5 23. Qe3 Rfd8 24. a3 Rb8 25. Ne4 Rxb2+ 26. Kh1 Bh4 27. Qc3 Qb5 28. d7 Qe2 29. Rd2 Qxe4+ 30. Kg1 Bf6 31. Qc7 Rxd2 32. Qxd8+ Bxd8 33. Rc8 Qg2# 0-1

[Event "Early-Titled-Tuesday-Blitz-January-23-2024"]
[Site "Chess.com"]
[Date "2024.01.23"]
[Round "11"]
[White "GlennTipton"]
[Black "Matols"]
[Result "1-0"]
[WhiteElo "2505"]
[BlackElo "2381"]
[TimeControl "180+1"]
[EndTime "10:07:33 PST"]
[Termination "GlennTipton won on time"]

1. e4 c6 2. d4 d5 3. Nd2 dxe4 4.
Nxe4 Nf6 5. Nxf6+ exf6 6. c3 Bd6 7. Bd3 O-O 8. Qc2 Re8+ 9. Ne2 h5 10. O-O Be6 11. Ng3 h4 12. Nf5 h3 13. Nxd6 hxg2 14.
Nxe8 gxf1=Q+ 15. Bxf1 Qxe8 16. Bf4 Nd7 17. Re1 Nf8 18.
Bc4 Qd7 19. Bxe6 Nxe6 20. Be3 Re8 21. Qf5 Qd6 22. h4 Nf4 23. Bd2 Rxe1+ 24. Bxe1 g6 25.
Qe4 Kg7 26. Bd2 Nh5 27. c4 Qd7 28. d5 cxd5 29. cxd5 Kh7 30. Qd4 Qd6 31. b4 b5 32.
Be3 a6 33. Kf1 Kg7 34. Ke2 Kh7 35. Kd2 Kg7 36. Kc2 Kh7 37. Qc5 Qe5 38. d6 Qe4+ 39.
Kb2 1-0

[Event "Early-Titled-Tuesday-Blitz-January-23-2024"]
[Site "Chess.com"]
[Date "2024.01.23"]
[Round "11"]
[White "Viktor_Poddubnyi"]
[Black "Jenia84"]
[Result "1-0"]
[WhiteElo "2254"]
[BlackElo "2299"]
[TimeControl "180+1"]
[EndTime "10:07:33 PST"]
[Termination "Viktor_Poddubnyi won by checkmate"]

1. e4 c5 2. Nf3 d6 3. d4 cxd4 4. Nxd4 Nf6 5. Nc3 a6 6. Be3 e5 7. Nb3 Be7 8. h3 Be6 9. Qf3 Nbd7 10. g4 h6 11. Bd3 b5 12. O-O-O Rc8 13. Nd5 Bxd5 14. exd5 Qc7 15. Kb1 Nb6 16. Bf5 Rb8 17.
h4 g6 18. Bxb6 Qxb6 19. Bd3 a5 20. g5 Nd7 21. h5 gxh5 22. g6 fxg6 23. Bxg6+ Kd8 24.
Bf5 Rf8 25. Qxh5 a4 26. Nc1 Qxf2 27. Bxd7 Kxd7 28. Qxh6 Qf6 29. Qh3+ Qf5 30. Qe3 Rbc8 31. Nd3 Qg5 32. Qb6 Rc7 33. Qxb5+ Kd8 34. Nb4 Qg2 35. Nc6+ Ke8 36. Nxe5+ Kd8 37. Nc6+ Ke8 38. Rhe1 Rf7 39. Qb8+ Kd7 40. Rxe7+ Rxe7 41. Qd8# 1-0